 Dungeon Crawl Stone Soup version 0.20.1-1-g8b1a95d (console) character file.

7004 hilaritas the Fighter (level 11, -14/101 HPs)
             Began as a Hill Orc Fighter on Dec 30, 2017.
             Was an Elder of Beogh.
             Killed from afar by a wretched star (33 damage)
             ... with an orb of energy
             ... on level 2 of the Abyss.
             The game lasted 00:33:03 (10849 turns).

hilaritas the Fighter (Hill Orc Fighter)           Turns: 10849, Time: 00:33:04

Health: -14/101    AC: 18    Str: 23    XL:     11   Next: 8%
Magic:  21/21      EV:  7    Int:  4    God:    Beogh [****..]
Gold:   651        SH: 12    Dex:  8    Spells: 9/10 levels left

rFire    . . .     SeeInvis .   a - +0 war axe (freeze)
rCold    . . .     Gourm    .   c - +1 shield
rNeg     + . .     Faith    .   C - +0 plate armour
rPois    .         Spirit   .   e - +0 helmet
rElec    .         Reflect  .   I - +0 cloak
rCorr    .         Harm     .   z - +4 pair of gloves of the Kettle-Drum {MP+9 Dex+2}
MR       .....     Rnd*Rage +   p - +0 pair of boots Stlth ..........Rnd*Tele +
                                (no amulet)
Regen    0.0/turn               i - ring of positive energy
MPRegen  0.2/turn               (no ring)

@: no status effects
A: [berserk 3], [blurry vision 3], [clumsy 2], [deformed body], [dopey 2], [low
mp 2], [screaming 2], [inhibited regeneration], [teleportitis 3], [subdued magic
3]
a: Smiting, Recall Orcish Followers, Renounce Religion


You were on level 2 of the Abyss.
You worshipped Beogh.
Beogh was greatly pleased with you.
You were not hungry.

You visited 1 branch of the dungeon, and saw 9 of its levels.
You visited the Abyss 1 time.
You also visited: Sewer, Ossuary and Bailey.

You collected 651 gold pieces.

Inventory:

Hand Weapons
 a - a +0 war axe of freezing (weapon)
 x - a +1 flail of protection
 M - a +0 war axe
Missiles
 w - 5 tomahawks (quivered)
Armour
 c - a +1 shield (worn)
 e - a +0 helmet (worn)
 p - a +0 pair of boots (worn)
 z - the +4 pair of gloves of the Kettle-Drum (worn) {MP+9 Dex+2}
   (You acquired it on level 9 of the Dungeon)

   It affects your dexterity (+2).
   It affects your magic capacity (+9).
 C - a +0 plate armour (worn)
 I - a +0 cloak (worn)
Jewellery
 b - an uncursed ring of ice
 i - a ring of positive energy (left hand)
 v - an uncursed ring of magical power
 E - an uncursed ring of wizardry
Wands
 j - a wand of polymorph (10/24)
 n - a wand of flame (46/48)
 o - a wand of digging (3/24)
 D - a wand of flame (21/48)
 H - a wand of random effects (24/48)
Scrolls
 k - a scroll of identify
 l - 3 scrolls of blinking
 s - a scroll of recharging
 u - 2 scrolls of enchant armour
 B - a scroll of remove curse
 G - a scroll of teleportation
Potions
 d - a potion of invisibility
 g - 3 potions of curing
 h - a potion of mutation
 q - 2 potions of flight
 r - 2 potions of heal wounds
 t - a potion of brilliance
 A - a potion of cancellation
 K - 2 potions of agility {unknown}
Books
 J - a book of Callings

   Spells                             Type                      Level
   a - Summon Small Mammal            Summoning                    1
   b - Call Imp                       Summoning                    2
   c - Call Canine Familiar           Summoning                    3
   d - Summon Guardian Golem          Hexes/Summoning              3
   e - Summon Lightning Spire         Summoning/Air                4
   f - Summon Ice Beast               Ice/Summoning                4
Miscellaneous
 y - a phial of floods
Comestibles
 f - 6 bread rations
 m - 7 meat rations


   Skills:
 - Level 10.3 Fighting
 - Level 10.0 Axes
 + Level 8.1 Armour
 * Level 2.7 Dodging
 + Level 9.9 Shields
 * Level 6.5 Invocations


You had 9 spell levels left.
You knew the following spells:

 Your Spells              Type           Power        Failure   Level  Hunger
a - Summon Small Mammal   Summ           #...         100%        1    ##.....


Dungeon Overview and Level Annotations

Branches:
Dungeon (9/15)             Temple (0/1) D:5
   Lair: D:8-11         Orc: D:9-12

Altars:
Ashenzari
Cheibriados
Fedhas
Makhleb
Qazlal
Ru
Sif Muna
Trog
Uskayaw
Yredelemnul
Zin
The Shining One

Shops:
D:8 (

Annotations:
D:9 Erolcha


Innate Abilities, Weirdness & Mutations

[You have an uncontrollable temper.]
[Scrolls take you much longer to read.]
[You are very clumsy. (Dex -4)]
[Armour fits poorly on your strangely shaped body.]
[You are very dopey. (Int -4)]
[Your magical capacity is very low. (-20% MP)]
[You sometimes yell uncontrollably at your foes.]
[You do not regenerate when monsters are visible.]
[You are often teleported next to monsters.]
[Your spells are much easier to cast, but much less powerful.]


Message History

The wretched star is severely damaged.
The wretched star glows turbulently.
The orb of energy hits you!
* * * LOW HITPOINT WARNING * * *
The orb of energy explodes!
You barely miss the wretched star.
The wretched star is severely damaged.
You hit the wretched star but do no damage.
The wretched star is severely damaged.
The wretched star pulses with an eldritch light!
Your regeneration stops near monsters.
The wretched star pulses with an eldritch light!
You feel clumsy. x2
You hit the wretched star.
The wretched star is almost destroyed.
The wretched star pulses with an eldritch light!
You feel extremely angry at everything!
The wretched star glows turbulently.
The orb of energy hits you!
You die...

.##..#.#. #
..#(..... .# .
.#. .##..## #
.#.... .###.##.
##. # ..... .#
..... .... ..
......# ...#. .
.. ...#...#.#
ยง.#. #.# .
.....*...#.####..
# .........# #
#.## .........#.#
.......@.# # .
.......*.#
###.###### #..#
##. #.#. .. #....
## # . #.


You could see 2 wretched stars.

Vanquished Creatures
  The ghost of p0werm0de the Cleaver, a journeyman DDFi of Makhleb (Bailey)
  A two-headed ogre (D:8)
  Pikel (D:4)
  The ghost of MJtheKandyman the Cleaver, a novice MiBe of Trog (D:5)
  Maurice (D:8)
  A troll (D:9)
  Menkaure (D:5)
  Duvessa (D:4)
  A water moccasin (D:9)
  A slave (D:4)
  6 orc warriors
  2 sky beasts
  A phantom (D:9)
  3 ogres
  A necrophage (D:8)
  3 big kobolds
  Blork the orc (D:4)
  A gnoll sergeant (D:8)
  10 bullfrogs
  Dowan (D:4)
  2 scorpions
  A water moccasin skeleton (D:7)
  2 howler monkeys
  5 crimson imps
  5 hounds
  2 orc priests
  A gnoll shaman (D:4)
  A jelly (D:9)
  An iguana (D:7)
  Ijyb (D:4)
  An orc wizard (D:7)
  3 worker ants
  2 hound zombies
  A hound skeleton (D:6)
  8 mummies (Ossuary)
  Robin (D:2)
  13 gnolls
  9 adders
  A river rat (D:6)
  A shadow imp (D:9)
  14 oozes
  An adder skeleton (D:4)
  6 worms
  2 dart slugs (D:1)
  21 leopard geckos
  17 orcs
  12 ball pythons
  9 giant cockroaches
  3 gnoll zombies (Ossuary)
  22 goblins
  14 hobgoblins
  6 jackals
  2 quokkas
  6 bats
  19 frilled lizards
  A hobgoblin zombie (Ossuary)
  A jackal zombie (D:5)
  18 kobolds
  2 kobold zombies (Ossuary)
  2 orc zombies (Ossuary)
  2 quokka skeletons (D:4)
  10 rats
290 creatures vanquished.

Vanquished Creatures (collateral kills)
  The ghost of p0werm0de the Cleaver, a novice DDFi (Bailey)
  2 orc warriors (Bailey)
  A hound skeleton (D:9)
  An orc (D:8)
  2 goblins (D:9)
7 creatures vanquished.

Vanquished Creatures (others)
  An orc warrior (Bailey)
  An orc priest (D:4)
  2 hounds (D:4)
  2 orc wizards
  A worker ant (D:4)
  An adder (D:4)
  11 orcs
19 creatures vanquished.

Grand Total: 316 creatures vanquished

Notes
Turn   | Place    | Note
-------+----------+-------------------------------------------
     0 | D:1      | hilaritas the Hill Orc Fighter began the quest for the Orb.
     0 | D:1      | Reached XP level 1. HP: 19/19 MP: 1/1
   278 | D:1      | Reached XP level 2. HP: 27/27 MP: 2/2
   735 | D:1      | You fall through a shaft!
   738 | D:2      | Reached XP level 3. HP: 33/33 MP: 3/3
   790 | D:2      | Noticed Robin
   800 | D:2      | Reached XP level 4. HP: 37/40 MP: 4/4
   825 | D:2      | Killed Robin
   825 | D:2      | Reached skill level 5 in Axes
  1512 | D:2      | Reached XP level 5. HP: 46/46 MP: 5/5
  2880 | D:4      | Noticed Dowan
  2890 | D:4      | Killed Dowan
  2890 | D:4      | Reached XP level 6. HP: 45/53 MP: 6/6
  2905 | D:4      | Noticed Duvessa
  2908 | D:4      | Noticed a slave
  2910 | D:4      | Noticed Pikel
  2915 | D:4      | Noticed a slave
  2921 | D:4      | Killed Duvessa
  2927 | D:4      | HP: 7/79 [slave[Pikel] (5)]
  2933 | D:4      | Killed Pikel
  2933 | D:4      | Reached skill level 5 in Fighting
  2933 | D:4      | Reached skill level 10 in Axes
  2933 | D:4      | Reached XP level 7. HP: 11/61 MP: 7/7
  3271 | D:4      | Found a glowing silver altar of Zin.
  3365 | D:4      | Reached XP level 8. HP: 68/68 MP: 8/8
  3699 | D:4      | Reached skill level 5 in Shields
  3884 | D:4      | Noticed Ijyb
  3891 | D:4      | Noticed Blork the orc
  3909 | D:4      | Killed Ijyb
  3932 | D:4      | HP: 6/69 [Blork the orc/dire flail (11)]
  3933 | D:4      | HP: 2/69 [Blork the orc/puff of frost (4)]
  3935 | D:4      | Killed Blork the orc
  4395 | D:5      | Entered Level 5 of the Dungeon
  4536 | D:5      | Noticed MJtheKandyman's ghost (novice MiBe)
  4558 | D:5      | Killed MJtheKandyman's ghost
  4827 | D:5      | Found a blossoming altar of Fedhas.
  4833 | D:5      | Found a staircase to the Ecumenical Temple.
  4854 | D:5      | Noticed Menkaure
  4860 | D:5      | Killed Menkaure
  4860 | D:5      | Reached skill level 5 in Armour
  4904 | D:5      | Found a sand-covered staircase.
  4908 | Ossuary  | Entered an ossuary
  5198 | D:5      | Reached XP level 9. HP: 65/79 MP: 9/9
  5413 | D:5      | Found a glowing golden altar of the Shining One.
  5429 | D:5      | Found a hide-covered altar of Uskayaw.
  5430 | D:5      | Found a burning altar of Makhleb.
  5565 | D:5      | Found a shattered altar of Ashenzari.
  5565 | D:5      | Found a bloodstained altar of Trog.
  5863 | D:6      | Became a worshipper of Beogh the Brigand
  5932 | D:6      | Reached skill level 1 in Invocations
  6085 | D:6      | Found a snail-covered altar of Cheibriados.
  6085 | D:6      | Found a deep blue altar of Sif Muna.
  6284 | D:6      | Found a glowing drain.
  6295 | Sewer    | Entered a sewer
  6363 | Sewer    | Reached * piety under Beogh
  6537 | Sewer    | Reached ** piety under Beogh
  6944 | D:7      | Found a basalt altar of Yredelemnul.
  7324 | D:7      | Found a burning altar of Makhleb.
  7802 | D:8      | Noticed Maurice
  7808 | D:8      | Reached *** piety under Beogh
  7809 | D:8      | Killed Maurice
  7809 | D:8      | Reached XP level 10. HP: 85/93 MP: 12/12
  7833 | D:8      | Learned a level 1 spell: Summon Small Mammal
  7959 | D:8      | Noticed a two-headed ogre
  7972 | D:8      | Killed a two-headed ogre
  7972 | D:8      | Reached skill level 10 in Fighting
  8135 | D:8      | Found Sosuazuf's Antique Weapon Shoppe.
  8229 | D:8      | Found a stormy altar of Qazlal.
  8342 | D:8      | Reached skill level 1 in Dodging
  8439 | D:8      | Reached skill level 5 in Invocations
  8816 | D:9      | Found a flagged portal.
  8831 | Bailey   | Entered a bailey
  8908 | Bailey   | Noticed p0werm0de's ghost (journeyman DDFi)
  8939 | Bailey   | Killed p0werm0de's ghost
 10000 | Bailey   | Noticed an orc knight
 10000 | Bailey   | Noticed p0werm0de's ghost (novice DDFi)
 10010 | Bailey   | Killed p0werm0de's ghost
 10010 | Bailey   | Reached XP level 11. HP: 58/101 MP: 15/15
 10022 | Bailey   | Reached **** piety under Beogh
 10393 | D:9      | Identified a scroll of acquirement
 10394 | D:9      | Got a pair of bloodstained gloves
 10405 | D:9      | Identified the +4 pair of gloves of the Kettle-Drum {MP+9 Dex+2} (You acquired it on level 9 of the Dungeon)
 10690 | D:9      | Found a sacrificial altar of Ru.
 10758 | D:9      | Noticed Erolcha
 10763 | D:9      | Cast into level 2 of the Abyss (Erolcha)
 10816 | Abyss:2  | Noticed a wretched star
 10843 | Abyss:2  | Noticed a wretched star
 10849 | Abyss:2  | Killed from afar by a wretched star

Skill      XL: |  1  2  3  4  5  6  7  8  9 10 |
---------------+-------------------------------+-----
Axes           | 3 4 5 6 10 | 10.0
Fighting       | 4 5 7 9 10 | 10.3
Shields        | 4 6 7 9 |  9.9
Armour         | 5 6 8 |  8.1
Invocations    | 3 6 |  6.5
Dodging        | 2 |  2.7

Action                   |  1- 3 |  4- 6 |  7- 9 | 10-12 || total
-------------------------+-------+-------+-------+-------++-------
Melee: War axe           |    58 |   211 |   503 |   286 ||  1058
       Unarmed           |       |       |    19 |       ||    19
Throw: Tomahawk          |       |       |       |     1 ||     1
Invok: Convert to Beogh  |       |       |     1 |       ||     1
  Use: Scroll            |       |    10 |    13 |     2 ||    25
       Potion            |       |     3 |     2 |     4 ||     9
 Stab: Distracted        |       |       |       |     3 ||     3
  Eat: Chunk             |       |     7 |     9 |     4 ||    20
       Royal jelly       |       |       |     1 |     1 ||     2
       Bread ration      |       |       |     1 |     1 ||     2
       Fruit             |       |       |       |     2 ||     2
Armor: Scale mail        |    37 |    92 |    39 |       ||   168
       Skin              |       |    12 |    17 |       ||    29
       Plate armour      |       |       |   112 |    95 ||   207
       Chain mail        |       |       |    19 |       ||    19
Dodge: Dodged            |    23 |    55 |   101 |    49 ||   228
Block: Shield            |    24 |   111 |   225 |   174 ||   534
